AoeStats
← Luffy (デイビッド)

Black Forest

504447654Analyzed
3v3 RM · 27d ago on Sep 5, 2026· 61m 46s· 6 players
Game mode
Random Map
Map size
Normal (6 player)
Population
200
Speed
Normal
Resources
Standard
Victory
Conquest
Starting age
Dark Age
Ending age
Imperial Age
RankedLock teamsTeams togetherTeam positionsShared explorationLock speedFull tech treeHidden civsTurbo modeCheats
Victory
Defeat
🇸🇪 Celts · Sweden
862
+14
🇸🇪 Mongols · Sweden
850
+15
🇸🇪 Inca · Sweden
779
+17
🇹🇷 Portuguese · Türkiye
840
-16
🇹🇷 Franks · Türkiye
813
-15
🇹🇷 Khitans · Türkiye
811
-15
zivrisinek
0:31 Loom
21:41 Feudal Age
23:55 Wheelbarrow
23:05 Town Watch
23:03 Domestication
23:17 Gold Mining
23:18 Stone Mining
23:17 Double-Bit Axe
27:08 Castle Age
26:46 Fletching
26:56 Padded Archer Armor
27:03 Scale Barding Armor
26:58 Scale Mail Armor
27:09 Forging
28:18 Husbandry
28:59 Stone Shaft Mining
28:26 Town Patrol
29:59 Hand Cart
33:16 Imperial Age
31:45 Bodkin Arrow
32:03 Pastoralism
32:33 Bow Saw
32:11 Treadmill Crane
32:40 Crossbowman
34:26 Conscription
34:52 Bracer
36:16 Lamellar Armor
36:30 Squires
38:31 Leather Archer Armor
38:31 Chain Mail Armor
38:37 Chain Barding Armor
39:40 Ring Archer Armor
40:49 Thumb Ring
41:22 Iron Casting
42:34 Two-Man Saw
41:51 Murder Holes
42:18 Ballistics
42:58 Elite Liao Dao
43:12 Elite Skirmisher
44:42 Plate Mail Armor
44:48 Transhumance
46:09 Chemistry
45:20 Masonry
46:31 Siege Engineers
47:43 Plate Barding Armor
47:29 Caravan
47:56 Fortified Wall
48:20 Elite Steppe Lancer
50:06 Heavy Rocket Cart
50:56 Ordo Cavalry
52:33 Heavy Camel Rider
55:59 Arson
58:15 Elite Fire Lancer
tosunpaşa
0:33 Loom
15:28 Feudal Age
21:20 Castle Age
19:27 Double-Bit Axe
20:11 Gold Mining
20:13 Stone Mining
21:46 Wheelbarrow
20:58 Town Watch
22:40 Bow Saw
23:39 Town Patrol
26:52 Fervor
28:45 Hand Cart
30:21 Husbandry
31:10 Gold Shaft Mining
35:18 Imperial Age
37:20 Conscription
40:10 Cavalier
Sifoncu
13:47 Feudal Age
15:18 Horse Collar
20:38 Castle Age
35:00 Imperial Age
36:14 Wheelbarrow
35:41 Heavy Plow
35:28 Double-Bit Axe
38:46 Hand Cart
39:41 Chemistry
38:20 Elite Organ Gun
50:36 Arquebus
56:23 Bow Saw
56:46 Crop Rotation
JustinZane
0:37 Loom
13:20 Feudal Age
14:34 Double-Bit Axe
25:09 Castle Age
24:24 Horse Collar
24:38 Arson
27:04 Caravan
27:39 Husbandry
27:02 Pikeman
28:35 Forging
28:25 Scale Mail Armor
32:13 Bow Saw
33:44 Wheelbarrow
40:41 Iron Casting
40:21 Chain Mail Armor
43:59 Imperial Age
46:12 Elite Woad Raider
48:47 Blast Furnace
48:17 Plate Mail Armor
48:02 Heavy Scorpion
50:16 Town Watch
52:15 Chemistry
52:41 Cavalier
56:01 Light Cavalry
58:28 Hussar
Luffy (デイビッド)
0:31 Loom
12:55 Feudal Age
14:28 Wheelbarrow
13:48 Double-Bit Axe
21:55 Castle Age
20:09 Stone Mining
20:14 Gold Mining
21:26 Fletching
22:52 Bow Saw
23:11 Hand Cart
22:59 Caravan
24:59 Bodkin Arrow
25:15 Forging
25:17 Husbandry
28:11 Gold Shaft Mining
28:30 Squires
30:27 Thumb Ring
35:08 Ballistics
37:16 Iron Casting
36:42 Padded Archer Armor
42:17 Imperial Age
39:52 Nomads
41:04 Stone Shaft Mining
42:45 Fortified Wall
42:31 Murder Holes
42:48 Masonry
43:02 Leather Archer Armor
42:54 Scale Barding Armor
44:09 Conscription
45:33 Chemistry
45:53 Parthian Tactics
46:32 Elite Steppe Lancer
49:05 Heavy Cavalry Archer
50:04 Bracer
50:34 Chain Barding Armor
51:14 Blast Furnace
50:39 Arson
51:59 Elite Mangudai
Pappa Jake
0:28 Loom
12:59 Feudal Age
13:30 Horse Collar
17:14 Double-Bit Axe
17:29 Gold Mining
22:14 Castle Age
20:29 Champi Runner
21:06 Stone Mining
21:22 Scale Mail Armor
23:21 Bow Saw
24:00 Heavy Plow
25:22 Wheelbarrow
25:33 Squires
25:50 Caravan
29:27 Champi Warrior
31:22 Chain Mail Armor
32:17 Forging
31:35 Elite Skirmisher
39:16 Imperial Age
39:27 Elite Kamayuk
40:28 Conscription
40:13 Fletching
41:01 Iron Casting
40:45 Capped Ram
42:01 Plate Mail Armor
41:33 Padded Archer Armor
41:29 Bodkin Arrow
44:37 Siege Ram
51:32 Sappers
54:09 Leather Archer Armor
53:55 Bracer
54:56 Blast Furnace
54:33 Elite Champi Warrior
55:55 Ballistics
Connection lost

Rejoining the realm…

Still unreachable

The connection could not be restored.

Session expired

The server has moved on; the page needs a fresh start.